 Dungeon Crawl Stone Soup version 0.30-a0-134-gb40fab5c76 (webtiles) character file.

Game seed: 13180283081579816438

571 scionoferis the Chopper (level 7, -11/61 HPs)
             Began as a Meteoran Berserker on Sept 19, 2022.
             Was a Priest of Trog.
             Mangled by an ogre
             ... wielding a +0 giant club
              (27 damage)
             ... on level 4 of the Dungeon.
             The game lasted 00:11:14 (1382 turns).

scionoferis the Chopper (Meteoran Berserker)        Turns: 1382, Time: 00:11:14

Health: -11/61     AC: 12    Str: 20    XL:     7   Next: 92%
Magic:  8/8        EV:  6    Int:  8    God:    Trog [***...]
Gold:   167        SH:  7    Dex: 15    Spells: 6/6 levels left

rFire   . . .      SeeInvis .    a - +0 hand axe (freeze)
rCold   . . .      Faith    .    o - +2 buckler
rNeg    . . .      Spirit   .    f - +0 plate armour
rPois   .          Reflect  .    (no helmet)
rElec   .          Harm     .    (no cloak)
rCorr   .          Rampage  .    (no gloves)
Will    .....                    (no boots)
Stlth   ..........               (no amulet)
HPRegen 0.20/turn                (no ring)
MPRegen 0.11/turn                (no ring)

@: glowing
A: sense surroundings 1, otherworldly, glowing, explore regen
a: Renounce Religion, Berserk, Trog's Hand


You were on level 4 of the Dungeon.
You worshipped Trog.
Trog was most pleased with you.
You visited 1 branch of the dungeon, and saw 5 of its levels.

You collected 167 gold pieces.

Inventory:

Hand Weapons
 a - a +0 hand axe of freezing (weapon)
 b - the +1 sling "Giantslayer" {vorpal, rN+ Will+ Str+4}
   (You found it on level 4 of the Dungeon)

   Any ammunition fired from it inflicts extra damage upon your enemies.
   Str:       It affects your strength (+4).
   rN:        It protects you from negative energy.
   Will:      It increases your willpower.
 n - a +0 hand axe
 s - a +1 flail of holy wrath
Missiles
 i - 6 curare-tipped darts (quivered)
 r - 4 boomerangs
Armour
 f - a +0 plate armour (worn)
 o - a +2 buckler (worn)
Scrolls
 c - a scroll of amnesia {unknown}
 d - 3 scrolls of teleportation
 e - 4 scrolls of identify {unknown}
 g - a scroll of enchant armour {unknown}
 m - a scroll of vulnerability {unknown}
Potions
 h - a potion of brilliance {unknown}
 j - a potion of resistance {unknown}
 k - 2 potions of might {unknown}
 l - 2 potions of curing {unknown}
 p - a potion of attraction {unknown}
 q - a potion of heal wounds {unknown}
 t - 2 potions of flight


   Skills:
 + Level 5.1 Fighting
 * Level 7.2 Axes
 + Level 4.6 Armour
 - Level 2.4 Dodging
 + Level 2.8 Shields


You had 6 spell levels left.
You didn't know any spells.
Your spell library was empty.

Dungeon Overview and Level Annotations

Branches:
Dungeon (5/15) Zot: 1601
 Temple: D:4-7

Altars:


Innate Abilities, Weirdness & Mutations

You passively map a small area around you.
You are easily found by Zot.
You glow in the dark.
You regain HP and MP as you explore.


Message History

You kill the iguana!
Trog accepts your kill.
Found a yellow potion.
k - 2 yellow potions (gained 1)
Found 13 gold pieces.
A kobold comes into view. It is wielding a +0 whip.
The kobold shouts!
The kobold hits you but does no damage.
You barely miss the kobold. The kobold hits you but does no damage.
You slash the kobold! You freeze the kobold.
You kill the kobold!
Trog accepts your kill.
Things that are here:
a +0 whip; a kobold corpse You now have 167 gold pieces (gained 13).
An ogre comes into view. It is wielding a +0 giant club.
The ogre shouts!
You hit the ogre. You freeze the ogre.
The ogre is lightly wounded.
The ogre closely misses you.
You hit the ogre but do no damage.
The ogre is lightly wounded.
You slash the ogre! You freeze the ogre.
The ogre is heavily wounded.
The ogre closely misses you.
You hit the ogre. You freeze the ogre.
The ogre is heavily wounded.
You hit the ogre. You freeze the ogre.
The ogre is heavily wounded.
The ogre hits you with a +0 giant club!!
You hit the ogre. You freeze the ogre.
The ogre is severely wounded.
The ogre hits you with a +0 giant club!!
* * * LOW HITPOINT WARNING * * *
You hit the ogre but do no damage.
The ogre is severely wounded.
You hit the ogre. You freeze the ogre.
The ogre is almost dead.
The ogre hits you with a +0 giant club!!
You die...

,....##†...###........#
...............##.....##
.....#...).....##.<..#.## ##..
#...............#..# ##
##.................. *
#.................†.
##.......#..........
#####.......#..........
###.#...@O.........##....
#........................
#####...............#.##...
##...#....##........##......
##................... ...#...
##..............#....,..#####.
##......)............. ** *#.
##..................... *#..
##..............#..###> #...


You could see an ogre.

Vanquished Creatures
  A necrophage (D:4)
  A scorpion (D:4)
  A hound (D:4)
  A gnoll bouda (D:4)
  An orc priest (D:4)
  5 orc wizards (D:3)
  2 iguanas (D:4)
  3 gnolls
  5 adders
  An ufetubus (D:4)
  4 dart slugs
  17 orcs
  7 ball pythons
  3 endoplasms
  4 giant cockroaches
  5 goblins
  6 hobgoblins
  6 jackals
  11 kobolds
  A quokka (D:2)
  4 bats
  2 frilled lizards
  2 rats (D:2)
93 creatures vanquished.

Notes
Turn   | Place    | Note
-------+----------+-------------------------------------------
     0 | D:1      | scionoferis the Meteoran Berserker began the quest for the
                  | Orb.
     0 | D:1      | Reached XP level 1. HP: 19/19 MP: 2/2
    20 | D:1      | Reached XP level 2. HP: 18/26 MP: 3/3
    30 | D:1      | Reached skill level 4 in Axes
   114 | D:1      | Reached XP level 3. HP: 29/31 MP: 4/4
   429 | D:2      | Reached XP level 4. HP: 25/40 MP: 5/5
   437 | D:2      | Reached ** piety under Trog
   596 | D:2      | Reached skill level 5 in Axes
   667 | D:3      | Found a faded altar of an unknown god.
   683 | D:3      | Reached XP level 5. HP: 44/46 MP: 6/6
   850 | D:3      | Reached XP level 6. HP: 42/53 MP: 7/7
   872 | D:3      | Found the +4 dagger "Morg" {pain, Will+ Int+5}
   895 | D:3      | Reached *** piety under Trog
  1011 | D:4      | Reached skill level 1 in Shields
  1025 | D:4      | Reached skill level 6 in Axes
  1083 | D:3      | Reached XP level 7. HP: 42/60 MP: 8/8
  1132 | D:4      | Identified the +1 sling "Giantslayer" {vorpal, rN+ Will+
                  | Str+4}
  1156 | D:5      | Entered Level 5 of the Dungeon
  1261 | D:4      | Reached skill level 5 in Fighting
  1261 | D:4      | Reached skill level 7 in Axes
  1382 | D:4      | Mangled by an ogre

Illustrated notes

Levels and vault maps discovered:
D:1:      heliophobic_arrival_enchanted_forest, layout_rooms, serial_curves,
          eino_curves_02, eino_curves_03, minmay_misc_feat_encased
D:2:      layout_basic, minmay_misc_feat_cross
D:3:      layout_rooms, nicolae_wu_jian_glorious_leap,
          dreamdust_ecumenical_altar_statues, grunt_decor_junction
D:4:      layout_cave_pools
D:5:      kennysheep_six_static_rooms, layout_loops_corners, serial_shops,
          nicolae_shop_temple_entry_statues_fountains,
          hellmonk_ghost_happy_afterlife, dreamdust_princess_corridor,
          serial_bayou_pond_c

Skill      XL: |  1  2  3  4  5  6  7 |
---------------+----------------------+-----
Axes           | 4 5 6 7 |  7.2
Armour         | 3 4 |  4.6
Fighting       | 4 5 |  5.1
Shields        | 1 2 |  2.8
Dodging        | |  2.4

Action                   |  1- 3 |  4- 6 |  7- 9 || total
-------------------------+-------+-------+-------++-------
Melee: Hand axe          |    67 |   159 |    95 ||   321
       Punch             |       |     2 |       ||     2
Invok: Trog's Hand       |       |     1 |       ||     1
  Use: Potion            |       |     1 |       ||     1
       Scroll            |       |       |     1 ||     1
Armor: Animal skin       |     3 |       |       ||     3
       Plate armour      |    33 |   136 |    57 ||   226
Dodge: Dodged            |    24 |    47 |    26 ||    97
Block: Buckler           |       |    15 |    26 ||    41

Table legend: (Time is in decaauts)
 A = Elapsed time spent in this place.
 B = Non-inter-level travel time spent in this place.
 C = Inter-level travel time spent in this place.
 D = Time resting spent in this place.
 E = Time spent auto-exploring this place.
 F = Levels seen in this place.
 G = Mean time per level.
                   A        B        C        D        E       F      G
               +--------+--------+--------+--------+--------+-----+--------+
         Total |   1397 |   1335 |     62 |      0 |      0 |   5 |  279.4 |
       Dungeon |   1397 |   1335 |     62 |      0 |      0 |   5 |  279.4 |
               +--------+--------+--------+--------+--------+-----+--------+

Top non-repeatable levels by time:
     D:3: 385 daAuts
     D:4: 351 daAuts
     D:1: 333 daAuts
     D:2: 324 daAuts
     D:5: 2 daAuts
